AoeStats
← 邪惡貓貓頭ಥ_ಥ

Arena

506100496Analyzed
4v4 RM · 21d ago on Sep 12, 2026· 38m 39s· 8 players
Game mode
Random Map
Map size
Large (8 player)
Population
200
Speed
Normal
Resources
Standard
Victory
Conquest
Starting age
Dark Age
Ending age
Imperial Age
RankedLock teamsTeams togetherTeam positionsShared explorationLock speedFull tech treeHidden civsTurbo modeCheats
Victory
Defeat
🇬🇧 Turks · United Kingdom
1585
+8
🇹🇼 Italians · Taiwan
1478
+12
1446
+13
🇹🇼 Khmer · Taiwan
1254
+21
🇮🇳 Byzantines · India
1424
-15
🇯🇵 Romans · Japan
1409
-14
🇷🇴 Teutons · Romania
1365
-13
🇨🇭 Khmer · Switzerland
1356
-12
XxBuzzXx
11:08 Feudal Age
11:48 Loom
15:29 Castle Age
13:48 Horse Collar
14:15 Double-Bit Axe
23:58 Fletching
25:47 Sanctity
32:27 Wheelbarrow
31:55 Crossbowman
32:45 Bodkin Arrow
34:20 Thumb Ring
36:34 Padded Archer Armor
36:58 Ballistics
37:06 Elite Skirmisher
PeterWong1988
7:03 Loom
7:07 Loom
10:42 Feudal Age
15:19 Castle Age
13:47 Double-Bit Axe
23:26 Horse Collar
25:16 Bow Saw
34:51 Ballistas
JAxys
10:13 Feudal Age
13:13 Castle Age
11:27 Double-Bit Axe
16:05 Loom
18:12 Horse Collar
20:16 Heavy Plow
25:35 Imperial Age
23:51 Gold Mining
24:47 Scale Barding Armor
24:54 Forging
25:46 Wheelbarrow
26:31 Chain Barding Armor
28:24 Plate Barding Armor
28:42 Bloodlines
28:33 Husbandry
HexenSlayer
5:51 Loom
9:24 Feudal Age
10:55 Fletching
10:58 Double-Bit Axe
11:59 Horse Collar
15:48 Wheelbarrow
15:56 Town Watch
22:22 Castle Age
22:56 Pikeman
24:03 Scale Mail Armor
29:25 Imperial Age
27:00 Squires
28:03 Forging
28:10 Chain Mail Armor
27:45 Arson
31:09 Bow Saw
33:01 Halberdier
37:48 Bodkin Arrow
37:15 Elite Skirmisher
BBBBBBBB
10:00 Feudal Age
14:08 Castle Age
12:24 Double-Bit Axe
13:08 Horse Collar
13:38 Stone Mining
14:06 Gold Mining
16:31 Bow Saw
17:24 Fletching
25:10 Bodkin Arrow
26:56 Ballistics
29:00 Wheelbarrow
36:15 Imperial Age
34:12 Loom
34:43 Hand Cart
34:13 Town Watch
35:11 Padded Archer Armor
36:45 Leather Archer Armor
37:58 Chemistry
36:59 Bracer
37:27 Elite Genoese Crossbowman
阿姆斯特朗旋風噴射騎鯊聖熊
8:29 Feudal Age
9:10 Double-Bit Axe
9:12 Horse Collar
13:50 Wheelbarrow
19:51 Castle Age
18:09 Scale Barding Armor
18:45 Gold Mining
19:13 Forging
20:28 Bloodlines
21:32 Chain Barding Armor
21:13 Loom
30:26 Bow Saw
34:58 Light Cavalry
cccccccccc
11:03 Feudal Age
9:43 Loom
19:25 Double-Bit Axe
19:22 Horse Collar
29:07 Wheelbarrow
29:27 Gold Mining
33:16 Castle Age
邪惡貓貓頭ಥ_ಥ
11:09 Feudal Age
15:19 Castle Age
13:57 Gold Mining
14:36 Double-Bit Axe
20:25 Imperial Age
19:26 Bow Saw
Connection lost

Rejoining the realm…

Still unreachable

The connection could not be restored.

Session expired

The server has moved on; the page needs a fresh start.